Map: [ESL] Stargazers

Players

Serral - Winner!

  • Race: Zerg Zerg
  • Spawn Location: 11:00

Zoun

  • Race: Protoss Protoss
  • Spawn Location: 1:00

Event: DreamHack SC2 Masters 2022 Atlanta (Offline)

VOD

Have the link to the VOD?

Description

Time

  • Played on: Nov. 19, 2022, 1:25 p.m.
  • Length: 10:07

All games in this series

Show
View Real Time Build Order
Export as new Build Order

Serral Zerg - Winner!

Build Orders: Hatch First, Swarm Host 

Get SALT Encoding   

  12  0:00  Drone  
  13  0:11  Overlord  
  13  0:16  Drone  
  14  0:30  Drone x2  
  14  0:33  Drone  
  17  0:52  Hatchery  
  17  0:54  Drone  
  17  0:57  Drone  
  18  1:09  Extractor  
  17  1:12  Spawning Pool  
  17  1:16  Drone  
  17  1:19  Drone  
  18  1:29  Drone  
  19  1:38  Drone  
  20  1:49  Overlord  
  20  1:59  Queen  
  22  2:03  Queen  
  22  2:04  Zergling x4  
  26  2:10  Drone  
  26  2:12  Metabolic Boost  
  26  2:14  Drone  
  28  2:21  Drone  
  29  2:27  Drone  
  30  2:38  Hatchery  
  30  2:41  Drone  
  30  2:42  Drone  
  31  2:48  Queen  
  33  2:52  Overlord  
  33  2:56  Drone  
  33  2:57  Drone  
  34  2:59  Drone  
  35  3:06  Overlord  
  35  3:11  Queen  
  37  3:14  Drone x2  
  37  3:16  Drone  
  40  3:20  Drone x2  
  40  3:23  Drone  
  40  3:25  Drone  
  40  3:26  Drone  
  45  3:32  Queen  
  48  3:34  Drone  
  48  3:37  Overlord  
  48  3:45  Zergling x6  
  48  3:46  Overlord  
  51  3:55  Queen  
  51  3:58  Spore Crawler  
  51  3:59  Spore Crawler, Drone x2  
  53  4:04  Drone x2  
  53  4:06  Overlord  
  53  4:08  Drone  
  56  4:12  Overlord  
  56  4:15  Drone  
  57  4:24  Drone  
  57  4:25  Drone x4  
  61  4:31  Drone x5  
  61  4:34  Drone  
  61  4:38  Drone, Roach Warren  
  67  4:41  Zergling x2  
  67  4:45  Lair  
  67  4:46  Drone x2, Extractor  
  67  4:48  Drone x2  
  70  4:54  Overlord  
  70  4:55  Drone x2, Extractor  
  70  4:56  Drone  
  70  4:57  Drone  
  70  4:59  Overlord  
  73  5:02  Drone  
  74  5:07  Overlord  
  74  5:09  Overlord x2  
  74  5:13  Extractor  
  74  5:14  Drone x2, Extractor, Evolution Chamber  
  72  5:15  Drone  
  72  5:17  Drone  
  72  5:19  Zergling x2  
  76  5:22  Drone x3  
  76  5:23  Overlord  
  79  5:29  Drone x3  
  79  5:30  Drone  
  79  5:31  Drone x2  
  79  5:34  Drone x3  
  88  5:37  Extractor  
  88  5:41  Zerg Missile Weapons Level 1  
  88  5:42  Overseer  
  87  5:44  Glial Reconstitution  
  87  5:47  Drone x2  
  87  5:48  Infestation Pit  
  87  5:49  Spore Crawler  
  87  5:50  Overlord  
  87  5:55  Drone  
  88  6:00  Hatchery  
  87  6:06  Roach x4  
  95  6:26  Swarm Host x6  
  95  6:28  Nydus Network  
  111  6:32  Swarm Host  
  111  6:34  Overlord x3  
  111  6:39  Swarm Host x2  
  120  6:41  Overlord x2  
  120  6:46  Roach  
  122  6:56  Swarm Host  
  122  6:59  Roach  
  122  7:00  Roach x8  
  143  7:06  Nydus Canal  
  143  7:07  Overlord  
  142  7:11  Roach x4  
  150  7:16  Roach x3  
  150  7:20  Overlord x2  
  156  7:24  Ravager  
  156  7:25  Ravager  
  156  7:26  Roach  
  160  7:34  Roach x5  
  168  7:45  Roach x7  
  182  7:52  Nydus Canal  
  182  7:59  Roach  
  182  8:00  Roach x2  
  177  8:06  Roach x5  
  180  8:17  Roach x2  
  180  8:18  Roach x3  
  183  8:23  Hatchery  
  183  8:24  Overlord  
  176  8:28  Roach x5  
  164  8:42  Roach x5  
  174  8:48  Hatchery  
  174  8:52  Roach x6  
  183  9:00  Hydralisk Den  
  182  9:05  Roach x5  
  188  9:12  Roach x4  
Show
View Real Time Build Order
Export as new Build Order

Zoun Protoss 

Build Orders: 1 Gate Expand, Oracle Opening, Zealot Archon 

Get SALT Encoding   

  12  0:00  Probe  
  13  0:12  Probe  
  14  0:19  Pylon  
  14  0:24  Probe  
  15  0:37  Probe (Chrono Boost)  
  15  0:40  Gateway  
  16  0:47  Probe (Chrono Boost)  
  16  0:49  Assimilator  
  17  0:52  Probe (Chrono Boost)  
  18  1:03  Probe  
  19  1:16  Probe  
  20  1:26  Nexus  
  20  1:36  Cybernetics Core  
  20  1:39  Probe  
  21  1:45  Assimilator  
  21  1:51  Probe  
  22  1:56  Pylon  
  22  2:03  Probe  
  23  2:11  Adept (Chrono Boost)  
  23  2:15  Probe  
  26  2:18  Stargate  
  26  2:26  Warp Gate  
  26  2:27  Probe  
  27  2:34  Adept  
  29  2:42  Probe x2  
  31  2:54  Probe x2 (Chrono Boost)  
  33  3:05  Probe x2 (Chrono Boost), Void Ray (Chrono Boost)  
  39  3:10  Probe x2 (Chrono Boost)  
  39  3:11  Pylon  
  41  3:20  Probe  
  41  3:21  Probe  
  41  3:25  Gateway  
  43  3:32  Probe  
  43  3:33  Oracle (Chrono Boost)  
  44  3:39  Probe  
  48  3:44  Probe  
  49  3:51  Probe  
  49  3:53  Pylon  
  50  3:56  Probe  
  51  4:03  Probe  
  51  4:09  Nexus, Probe  
  53  4:11  Oracle  
  53  4:14  Pylon  
  53  4:15  Assimilator  
  56  4:17  Probe, Assimilator  
  56  4:21  Probe  
  58  4:29  Probe  
  59  4:35  Twilight Council, Forge  
  59  4:36  Probe  
  60  4:45  Gateway, Probe  
  61  4:46  Gateway  
  61  4:50  Probe  
  62  4:57  Gateway, Probe  
  62  4:58  Gateway  
  63  5:04  Shield Battery, Probe  
  64  5:07  Protoss Ground Weapons Level 1 (Chrono Boost)  
  64  5:09  Probe  
  64  5:10  Charge (Chrono Boost)  
  64  5:12  Pylon  
  65  5:16  Probe (Chrono Boost)  
  66  5:21  Probe (Chrono Boost)  
  66  5:22  Probe (Chrono Boost)  
  66  5:26  Templar Archives  
  66  5:28  Probe (Chrono Boost)  
  69  5:31  Probe x2 (Chrono Boost)  
  69  5:33  Probe (Chrono Boost)  
  69  5:34  Assimilator  
  72  5:36  Probe x2 (Chrono Boost), Assimilator  
  72  5:40  Robotics Facility  
  72  5:42  Probe  
  75  5:45  Pylon  
  75  5:48  Probe x2  
  77  5:54  Probe  
  78  6:00  Probe x2  
  78  6:02  Gateway  
  78  6:03  Gateway  
  80  6:05  Gateway x2  
  80  6:12  Pylon  
  80  6:15  Gateway  
  80  6:16  Gateway  
  80  6:17  Pylon  
  80  6:21  Pylon  
  80  6:23  High Templar x3  
  80  6:24  Sentry, Warp Prism (Chrono Boost), High Templar  
  90  6:29  Archon x2  
  92  6:34  Pylon  
  92  6:36  Photon Cannon  
  92  6:42  Probe  
  92  6:45  Zealot  
  95  6:53  Nexus  
  95  6:54  Observer, Pylon  
  96  6:56  High Templar x3  
  96  6:57  High Templar  
  104  7:02  Archon x2  
  104  7:05  Zealot x3  
  110  7:15  Zealot x5  
  120  7:28  High Templar x2  
  124  7:30  Robotics Bay  
  124  7:32  Archon, Pylon  
  124  7:34  Zealot x2  
  108  7:47  Zealot x7  
  108  7:48  Zealot x2  
  111  7:59  Zealot  
  111  8:00  Zealot x2  
  107  8:10  Stalker x5  
  108  8:14  Zealot x2  
  82  8:27  Zealot x5  
  86  8:38  Zealot x4  
  86  8:39  Zealot  
  96  8:46  Zealot x2  
  100  8:52  Zealot x2  
  96  9:15  Stalker x5  
Tags
 
Add a new tag
Caveats
  • Supply blocks, unpowered buildings, or Contaminate may cause inaccurate times.
  • Supply counts are checked every 10 seconds.